 Dungeon Crawl Stone Soup version 0.24.1-14-gf8d2b509d9 (webtiles) character file.

Game seed: 6444348045033355909, levelgen mode: deterministic

1741 Curus the Cleaver (level 9, -1/105 HPs)
             Began as a Hill Orc Berserker on May 27, 2020.
             Was a Priest of Trog.
             Slain by an orc wizard
             ... wielding a +0 dagger of electrocution
              (16 damage)
             ... on level 6 of the Dungeon.
             The game lasted 00:26:28 (5145 turns).

Curus the Cleaver (Hill Orc Berserker)              Turns: 5145, Time: 00:26:30

Health: -1/105     AC: 14    Str: 25    XL:     9   Next: 5%
Magic:  9/9        EV:  7    Int:  7    God:    Trog [***...]
Gold:   323        SH:  0    Dex: 13    Spells: 8/8 levels left

rFire    . . .     SeeInvis .   w - +0 battleaxe
rCold    . . .     Gourm    .   (shield currently unavailable)
rNeg     . . .     Faith    .   p - +0 plate armour
rPois    .         Spirit   .   k - +1 helmet
rElec    .         Reflect  .   (no cloak)
rCorr    .         Harm     .   q - +0 pair of gloves
MR       .....                  (no boots)
Stlth    ..........             x - amulet of inaccuracy (curse)
HPRegen  0.27/turn              (no ring)
MPRegen  0.11/turn              (no ring)

@: berserking, very quick
A: no striking features
a: Berserk, Trog's Hand, Renounce Religion, Convert to Beogh


You were on level 6 of the Dungeon.
You worshipped Trog.
Trog was most pleased with you.
You were hungry.

You visited 1 branch of the dungeon, and saw 6 of its levels.
You also visited: Sewer.

You collected 323 gold pieces.

Inventory:

Hand Weapons
 a - a +0 hand axe
 i - a +1 war axe
 w - a +0 battleaxe (weapon)
Armour
 b - a +0 animal skin
 d - a +0 leather armour
 g - a +0 scale mail
 k - a +1 helmet (worn)
 o - a +0 buckler
 p - a +0 plate armour (worn)
 q - a +0 pair of gloves (worn)
Jewellery
 x - a cursed amulet of inaccuracy (around neck)
Wands
 t - a wand of polymorph (4)
 u - a wand of digging (5)
Scrolls
 f - 2 scrolls of identify
 h - 5 scrolls of teleportation
 m - 2 scrolls of blinking
 r - a scroll of fear
 s - a scroll of remove curse
Potions
 e - 6 potions of berserk rage
 j - a potion of haste
 l - 3 potions of flight
 n - 3 potions of curing
Comestibles
 c - 11 rations
 v - 2 chunks of flesh


   Skills:
 - Level 3.6 Fighting
 + Level 14.4 Axes
 - Level 2.1 Armour
 - Level 1.5 Dodging


You had 8 spell levels left.
You didn't know any spells.
Your spell library was empty.

Dungeon Overview and Level Annotations

Branches:
Dungeon (6/15)             Temple (0/1) D:5           Sewer (visited)

Altars:
Uskayaw

Annotations:
D:4 3 runed translucent doors, Curus's ghost, amateur HOBe; Xye's ghost, amateur GrFi; dertzug's ghost, amateur TrMo; lllmatko's ghost, novice MiBe


Message History

You are feeling hungry.
The orc priest hits you but does no damage.
The orc wizard hits you but does no damage.
You miss the orc wizard. You miss the orc priest.
The orc priest threatens, "By the altar or by the axe, you will meet Beogh!"
The orc priest hits you but does no damage.
The orc wizard mumbles some strange words.
The orc wizard seems to speed up.
You slash the orc wizard!
The orc wizard is almost dead.
You barely miss the orc priest.
The orc wizard hits you but does no damage.
You closely miss the orc wizard.
The orc wizard is almost dead.
You slash the orc priest!
The orc priest threatens, "By the altar or by the axe, you will meet Beogh!"
The orc priest hits you but does no damage.
The orc wizard hits you but does no damage.
You are electrocuted!
You die...

#.###.# #.# [..#..# #.#
.#....# #<# ####
###...###.# #.?
#.........# #.# #
###..###(.######.##.#.##
#...# #.<[.)...........
...### #.#######.##.####
### #.# #@# # #.# #.ooo#
#.# #...oo# #.# #......
#.# #.....# #. ##....#
##.#.. #.###


You could see an orc priest, an orc wizard and 3 orcs.

Vanquished Creatures
  Grinder (D:4)
  Sigmund (D:3)
  2 yaks (D:5)
  An orc warrior (D:6)
  3 ogres
  A centaur (D:6)
  2 big kobolds (Sewer)
  A centaur zombie (D:5)
  An orc priest (D:4)
  A hound (D:5)
  3 orc wizards
  Jessica (D:3)
  Ijyb (D:5)
  4 worker ants
  7 adders
  A river rat (Sewer)
  A shadow imp (D:5)
  2 oozes (Sewer)
  2 adder zombies (D:5)
  2 worms
  2 dart slugs
  5 leopard geckos
  8 orcs
  2 ball pythons (Sewer)
  5 bats
  A giant cockroach (D:2)
  7 goblins
  7 hobgoblins
  11 jackals
  6 quokkas
  6 frilled lizards
  11 kobolds
  2 leopard gecko skeletons
  A leopard gecko zombie (D:5)
  12 rats
124 creatures vanquished.

Notes
Turn   | Place    | Note
-------+----------+-------------------------------------------
     0 | D:1      | Curus the Hill Orc Berserker began the quest for the Orb.
     0 | D:1      | Reached XP level 1. HP: 19/19 MP: 1/1
   155 | D:1      | Reached XP level 2. HP: 11/26 MP: 2/2
   490 | D:1      | Reached skill level 5 in Axes
   769 | D:1      | Reached ** piety under Trog
   769 | D:1      | Reached XP level 3. HP: 30/31 MP: 3/3
  1057 | D:2      | Found a faded altar of an unknown god.
  1496 | D:2      | Reached skill level 6 in Axes
  1831 | D:3      | Reached XP level 4. HP: 36/39 MP: 4/4
  1861 | D:3      | Found a glowing drain.
  1893 | Sewer    | Entered a sewer
  2138 | Sewer    | Noticed a big kobold
  2150 | Sewer    | Killed a big kobold
  2150 | Sewer    | Reached skill level 7 in Axes
  2150 | Sewer    | Reached XP level 5. HP: 27/45 MP: 5/5
  2243 | Sewer    | Reached skill level 8 in Axes
  2297 | Sewer    | Noticed a big kobold
  2312 | Sewer    | Killed a big kobold
  2312 | Sewer    | Reached XP level 6. HP: 48/51 MP: 6/6
  2384 | D:3      | Noticed Jessica
  2389 | D:3      | Killed Jessica
  2389 | D:3      | Reached skill level 9 in Axes
  2401 | D:3      | Reached *** piety under Trog
  2417 | D:3      | Noticed Sigmund
  2452 | D:3      | Killed Sigmund
  2452 | D:3      | Reached skill level 10 in Axes
  2452 | D:3      | Reached XP level 7. HP: 39/57 MP: 7/7
  3356 | D:4      | Noticed a +0 dagger
  3356 | D:4      | Noticed a +0 dagger
  3357 | D:4      | Found a hide-covered altar of Uskayaw.
  3407 | D:4      | Reached skill level 11 in Axes
  3485 | D:4      | Found a runed translucent gate.
  3485 | D:4      | Found a runed translucent gate.
  3485 | D:4      | Noticed lllmatko's ghost (novice MiBe)
  3485 | D:4      | Noticed Curus's ghost (amateur HOBe)
  3485 | D:4      | Noticed dertzug's ghost (amateur TrMo)
  3485 | D:4      | Noticed Xye's ghost (amateur GrFi)
  3486 | D:4      | Found a runed translucent gate.
  3540 | D:4      | Noticed Grinder
  3540 | D:4      | Paralysed by Grinder for 7 turns
  3562 | D:4      | Killed Grinder
  3562 | D:4      | Reached XP level 8. HP: 46/64 MP: 8/8
  3646 | D:5      | Entered Level 5 of the Dungeon
  3681 | D:5      | Reached skill level 12 in Axes
  3861 | D:5      | Noticed Ijyb
  3868 | D:5      | Killed Ijyb
  4341 | D:5      | Found a staircase to the Ecumenical Temple.
  4737 | D:6      | Noticed a yak
  4737 | D:6      | Noticed a yak
  4739 | D:6      | Noticed a yak
  4739 | D:6      | Noticed a yak
  4740 | D:6      | Noticed a yak
  4740 | D:6      | Noticed a yak
  4759 | D:5      | Killed a yak
  4759 | D:5      | Reached skill level 13 in Axes
  4760 | D:5      | Killed a yak
  5066 | D:6      | Reached skill level 14 in Axes
  5075 | D:6      | Reached XP level 9. HP: 59/70 MP: 9/9
  5145 | D:6      | Slain by an orc wizard

Levels and vault maps discovered:
D:1:      eino_arrival_cavern_a, layout_loops_ring, serial_park_tiny_1
D:2:      layout_loops_corners, chequers_ecumenical_altar_simple
D:3:      layout_basic, cheibrodos_sewer_entry_sluice, first_ration,
          uniq_sigmund, uniq_jessica
D:4:      layout_loops_ring, dancing_weapons_uskayaw, gammafunk_ghost_cemetery,
          uniq_grinder
D:5:      layout_cave_pods, minmay_temple_entry_large_hall, serial_column_ruins,
          column_ruins_hut, column_ruins_square_large, column_ruins_grid_3,
          column_ruins_grid_1, column_ruins_open_small, column_ruins_open_tiny,
          column_ruins_grid_1, column_ruins_corridor_straight, uniq_ijyb
D:6:      layout_loops_ring, minmay_between

Skill      XL: |  1  2  3  4  5  6  7  8 |
---------------+-------------------------+-----
Axes           | 5 6 7 8 10 11 14 | 14.4
Fighting       | |  3.6
Armour         | |  2.1
Dodging        | |  1.5

Action                   |  1- 3 |  4- 6 |  7- 9 || total
-------------------------+-------+-------+-------++-------
Melee: Hand axe          |   135 |   175 |    28 ||   338
       War axe           |       |       |   205 ||   205
       Battleaxe         |       |       |    11 ||    11
Invok: Berserk           |     1 |     1 |     3 ||     5
       Trog's Hand       |       |     1 |     1 ||     2
  Use: Scroll            |     5 |     3 |     5 ||    13
       Potion            |       |     4 |     1 ||     5
  Eat: Chunk             |     4 |     2 |    13 ||    19
Armor: Animal skin       |     5 |       |       ||     5
       Leather armour    |     7 |       |       ||     7
       Scale mail        |    14 |    62 |    36 ||   112
       Plate armour      |       |       |   110 ||   110
Dodge: Dodged            |    73 |    68 |    60 ||   201
Block: Buckler           |       |       |    31 ||    31
